 Dungeon Crawl Stone Soup version 0.26-b1-32-g5d43845318 (webtiles) character file.

Game seed: 3733880203624575552

106 Anothat the Covered (level 4, -3/29 HPs)
             Began as a Gargoyle Fighter on Jan 12, 2021.
             Was an Initiate of Okawaru.
             Slain by Crazy Yiuf
             ... wielding a +3 quarterstaff of chaos
              (4 damage)
             ... on level 2 of the Dungeon.
             The game lasted 00:04:04 (2328 turns).

Anothat the Covered (Gargoyle Fighter)              Turns: 2328, Time: 00:04:06

Health: -3/29      AC: 11    Str: 21    XL:     4   Next: 84%
Magic:  4/4        EV:  7    Int:  8    God:    Okawaru [......]
Gold:   187        SH:  9    Dex:  9    Spells: 3/3 levels left

rFire    . . .     SeeInvis .   a - +0 flail
rCold    . . .     Faith    .   c - +0 kite shield
rNeg     + . .     Spirit   .   b - +0 scale mail
rPois    ∞         Reflect  .   e - +0 helmet
rElec    +         Harm     .   (no cloak)
rCorr    .         Rampage  .   (no gloves)
Will     .....                  (no boots)
Stlth    ..........             (no amulet)
HPRegen  0.09/turn              (no ring)
MPRegen  0.09/turn              (no ring)

@: no status effects
A: negative energy resistance 1, electricity resistance, unbreathing,
petrification resistance, miasma immunity, AC +3
a: Renounce Religion


You were on level 2 of the Dungeon.
You worshipped Okawaru.
Okawaru was noncommittal.
You visited 1 branch of the dungeon, and saw 3 of its levels.

You collected 187 gold pieces.

Inventory:

Hand Weapons
 a - a +0 flail (weapon)
Armour
 b - a +0 scale mail (worn)
 c - a +0 kite shield (worn)
 e - a +0 helmet (worn)
Jewellery
 h - an uncursed ring of ice
 i - a cursed ring of attention {unknown}
 q - an uncursed amulet of guardian spirit {unknown}
 r - an uncursed ring of stealth {unknown}
Scrolls
 g - 2 scrolls of teleportation {unknown}
 j - a scroll of blinking {unknown}
 k - 2 scrolls of identify {unknown}
 l - 2 scrolls of fear {unknown}
 o - 2 scrolls of enchant armour {unknown}
 p - 2 scrolls of remove curse {unknown}
 s - a scroll of enchant weapon {unknown}
 t - a scroll of magic mapping {unknown}
 v - a scroll of fog {unknown}
 w - a scroll of noise {unknown}
Potions
 d - 3 potions of might
 f - a potion of heal wounds {unknown}
 m - a potion of invisibility {unknown}
 n - a potion of degeneration {unknown}
 u - 2 potions of brilliance {unknown}


   Skills:
 + Level 3.9 Fighting
 * Level 3.3 Maces & Flails
 + Level 4.0 Armour
 + Level 4.0 Shields


You had 3 spell levels left.
You didn't know any spells.
Your spell library was empty.

Dungeon Overview and Level Annotations

Branches:
Dungeon (3/15)

Altars:
Okawaru
Ru
Uskayaw

Annotations:
D:2 Crazy Yiuf


Innate Abilities, Weirdness & Mutations

You are resistant to torment.
Your stone body is resilient. (AC +3)
You are immune to poison.
You resist negative energy. (rN+)
You are resistant to electric shocks. (rElec)
You can survive without breathing.
You are immune to petrification.
You are immune to miasma.


Message History

Crazy Yiuf shouts!
Could not explore, unopened runed door.
No reachable target in view!
You open the door. You barely miss Crazy Yiuf.
Crazy Yiuf screams, "Prologue!"
You block Crazy Yiuf's attack.
You hit Crazy Yiuf but do no damage.
Crazy Yiuf hits you with a +3 quarterstaff of chaos!
You hit Crazy Yiuf.
Crazy Yiuf is moderately wounded.
You block Crazy Yiuf's attack.
You closely miss Crazy Yiuf.
Crazy Yiuf is moderately wounded.
Crazy Yiuf hits you with a +3 quarterstaff of chaos!
* * * LOW HITPOINT WARNING * * *
Crazy Yiuf burns you!
* * * LOW HITPOINT WARNING * * *
Crazy Yiuf hits you with a +3 quarterstaff of chaos.
You die...

..##.#
###.#####..#####.......###
..##.# #.# #....#
#.......##. ..##.#####.#
#....# #.......##.
...........# ##...#
##.......... .###.#####.#
##.## #.........#.
...........# ##.#
##........#. #.##.#####.#
#.## #.........#.
...#.......# ##.#
##........#. ...#.#####.#
#@## #####.#.....
.....##.##.# #g#
#.........#. ##.#.#.....#
... #####.#####.
#...##.#### #...#
####......#. #......####
#)..# #.....###.#.
##..>#####.# ##### ##.#.##
#.#. ......# #.# #..#.#
#.#. ......#
#.##############.# #.#.
......# #............)...#
#.##


You could see Crazy Yiuf.

Vanquished Creatures
  2 adders
  An ooze (D:1)
  4 worms
  3 dart slugs (D:1)
  4 leopard geckos
  An orc (D:3)
  A ball python (D:3)
  2 giant cockroaches
  12 goblins
  5 hobgoblins
  2 quokkas (D:3)
  8 bats
  5 frilled lizards
  5 kobolds
  7 rats
62 creatures vanquished.

Vanquished Creatures (others)
  A plant (D:1)
1 creature vanquished.

Grand Total: 63 creatures vanquished

Notes
Turn   | Place    | Note
-------+----------+-------------------------------------------
     0 | D:1      | Anothat the Gargoyle Fighter began the quest for the Orb.
     0 | D:1      | Reached XP level 1. HP: 14/14 MP: 1/1
    22 | D:1      | Reached XP level 2. HP: 14/19 MP: 2/2
   244 | D:1      | Reached XP level 3. HP: 23/23 MP: 3/3
   730 | D:2      | You fall into a shaft and drop 1 floor!
   981 | D:3      | Found an iron altar of Okawaru.
   988 | D:3      | Became a worshipper of Warmaster Okawaru
  1050 | D:3      | Reached XP level 4. HP: 25/29 MP: 4/4
  1491 | D:2      | Noticed a +0 dagger
  1491 | D:2      | Noticed a +0 dagger
  1492 | D:2      | Found a hide-covered altar of Uskayaw.
  1872 | D:2      | Found a sacrificial altar of Ru.
  2128 | D:2      | Found a runed translucent door.
  2129 | D:2      | Noticed Crazy Yiuf
  2328 | D:2      | HP: 1/29 [Crazy Yiuf/+3 quarterstaff of chaos (7)]
  2328 | D:2      | Slain by Crazy Yiuf

Illustrated notes

Levels and vault maps discovered:
D:1:      tarquinn_simple_flora_water_f, layout_rooms, serial_bayou_pond_b
D:2:      layout_basic, dancing_weapons_uskayaw,
          nicolae_ru_sacrificial_ziggurat, st_stairs_14, uniq_crazy_yiuf_cottage
D:3:      layout_basic, nrook_uturn, okawaru_gym_becter

Skill      XL: |  1  2  3  4 |
---------------+-------------+-----
Maces & Flails | 3 |  3.3
Armour         | 4 |  4.0
Shields        | 4 |  4.0
Fighting       | |  3.9

Action                   |  1- 3 |  4- 6 || total
-------------------------+-------+-------++-------
Melee: Flail             |   144 |   101 ||   245
Armor: Scale mail        |    85 |    39 ||   124
Dodge: Dodged            |    59 |    37 ||    96
Block: Kite shield       |    80 |    47 ||   127
